 Dungeon Sprint DCSS version 0.27-a0-1416-g941b2bd30b (webtiles) character file.

Game seed: 9765819609014087805

1813 tygod the Nimble (level 9, -1/117 HPs)
             Began as a Gnoll Monk on July 1, 2021.
             Was an Elder of Okawaru.
             Succumbed to Sonja's poison
             ... in the Dungeon (Sprint VII: "The Pits").
             The game lasted 00:07:30 (1370 turns).

tygod the Nimble (Gnoll Monk)                       Turns: 1370, Time: 00:07:31

Health: -1/117     AC: 17    Str: 15    XL:     9   Next: 10%
Magic:  13/19      EV: 16    Int:  9    God:    Okawaru [****..]
Gold:   0          SH:  0    Dex: 17    Spells: 22/22 levels left

rFire    . . .     SeeInvis .   x - +2 dire flail (vorpal)
rCold    . . .     Faith    .   (shield currently unavailable)
rNeg     . . .     Spirit   .   D - +4 chain mail
rPois    .         Reflect  .   v - +0 helmet
rElec    .         Harm     .   (no cloak)
rCorr    .         Rampage  .   (no gloves)
Will     .....     NoTele   +   (no boots)
Stlth    ..........             (no amulet)
HPRegen  0.29/turn              u - +3 ring of strength
MPRegen  0.16/turn              t - +3 ring of evasion

@: berserking, lethally poisoned (-1 -> -54), heroic, very quick
A: fangs 1, strong nose, distributed training
a: Renounce Religion, Heroism


You were in the Dungeon.
You worshipped Okawaru.
Okawaru was greatly pleased with you.
You visited 1 branch

Inventory:

Hand Weapons
 i - a +2 hand axe
 n - a +2 vorpal mace
 p - a +1 hand axe of freezing
 q - a +1 quarterstaff of protection
 r - a +0 long sword of holy wrath
 x - a +2 vorpal dire flail (weapon)
 y - a +0 lajatang of pain
 z - a +2 vorpal war axe
 A - a +2 halberd of venom
 B - a +2 scimitar of holy wrath
Missiles
 s - 22 sling bullets
Armour
 b - a +5 ring mail
 v - a +0 helmet (worn)
 C - a +3 plate armour
 D - a +4 chain mail (worn)
Jewellery
 t - a +3 ring of evasion (right hand)
 u - a +3 ring of strength (left hand)
Scrolls
 h - a scroll of blinking
 k - 5 scrolls of amnesia
 l - a scroll of summoning
 m - 2 scrolls of vulnerability
Potions
 c - 5 potions of curing
 d - a potion of heal wounds
 e - 2 potions of haste
 f - 4 potions of magic
 g - 2 potions of berserk rage
 j - 2 potions of invisibility
 w - a potion of resistance


   Skills:
 + Level 9.8(14.8) Fighting
 + Level 7.2(12.2) Short Blades
 + Level 7.2(12.2) Long Blades
 + Level 9.8(14.8) Axes
 + Level 7.2(12.2) Maces & Flails
 + Level 7.2(12.2) Polearms
 + Level 7.2(12.2) Staves
 + Level 7.2(12.2) Slings
 + Level 7.2(12.2) Bows
 + Level 7.2(12.2) Crossbows
 + Level 7.2(12.2) Throwing
 + Level 7.2(12.2) Armour
 + Level 9.8(14.8) Dodging
 + Level 8.4(13.4) Stealth
 + Level 7.2(12.2) Shields
 + Level 7.2(12.2) Unarmed Combat
 + Level 7.2 Spellcasting
 + Level 6.0 Conjurations
 + Level 6.0 Hexes
 + Level 6.0 Summonings
 + Level 6.0 Necromancy
 + Level 6.0 Translocations
 + Level 6.0 Transmutations
 + Level 6.0 Fire Magic
 + Level 6.0 Ice Magic
 + Level 6.0 Air Magic
 + Level 6.0 Earth Magic
 + Level 6.0 Poison Magic
 + Level 7.9 Invocations
 + Level 7.2 Evocations


You had 22 spell levels left.
You didn't know any spells.
Your spell library was empty.

Dungeon Overview and Level Annotations

Branches:
Dungeon (1/1)

Altars:
Ashenzari
Cheibriados
Dithmenos
Elyvilon
Fedhas
Gozag
Hepliaklqana
Kikubaaqudgha
Makhleb
Nemelex Xobeh
Okawaru
Qazlal
Ru
Sif Muna
Trog
Uskayaw
Vehumet
Wu Jian
Xom
Yredelemnul
Zin
The Shining One
Beogh
Jiyva
Lugonu

Annotations:
D Sonja


Innate Abilities, Weirdness & Mutations

You have very sharp teeth.
Your uncanny sense of smell can sniff out nearby items.
Your experience applies equally to all skills.


Message History

Your finesse ends abruptly.
You feel yourself moving faster!
You feel mighty!
You feel extremely sick.
Sonja hits you with a +2 short sword of venom!
* * * LOW HITPOINT WARNING * * *
You are lethally poisoned!
Sonja closely misses you. Sonja misses you.
The skeletal warrior hits you but does no damage.
You are too injured to fight recklessly!
You are too injured to fight recklessly!
You are too injured to fight recklessly!
You are too injured to fight recklessly!
You closely miss the skeletal warrior.
You bite the skeletal warrior, but do no damage.
* * * LOW HITPOINT WARNING * * *
You feel very sick. Sonja closely misses you.
Sonja hits you but does no damage.
You are more poisoned.
Sonja closely misses you.
You thump the skeletal warrior! Your bite misses the skeletal warrior.
The skeletal warrior is lightly damaged.
* * * LOW HITPOINT WARNING * * *
You feel very sick.
You completely miss the skeletal warrior.
The skeletal warrior is lightly damaged.
* * * LOW HITPOINT WARNING * * *
You feel very sick. Sonja hits you but does no damage.
You are more poisoned.
Sonja misses you. Sonja hits you but does no damage.
You are more poisoned.
The skeletal warrior hits you with a +0 hand axe!
* * * LOW HITPOINT WARNING * * *
You puncture the skeletal warrior!
You bite the skeletal warrior, but do no damage.
The skeletal warrior is moderately damaged.
* * * LOW HITPOINT WARNING * * *
You feel very sick.
You sock the skeletal warrior!
The skeletal warrior is heavily damaged.
You die...

∆∆ ## ∆∆ #. ∆ ∆∆∆∆∆∆∆ #. ∆ ∆
∆∆∆∆∆∆∆ ∆#4 ∆ ∆ ∆ ∆ ∆ ∆∆∆∆∆∆∆ #
#z ∆ ∆∆∆∆∆∆∆ #. ##c ∆
#..#z##############
#############...@..............
#_________.##..K...............
#_________.###########''#######
#_______...###########''#########
##########'##................##..
#..(.')))'.##......#..#......##..
##########.##................++..
#...........'...............)++..
#'#####'#####......#..#......##..


You could see 2 skeletal warriors, a yaktaur, an ice devil and Sonja.

Vanquished Creatures
  A guardian mummy (D)
  A flying skull (D)
  A redback (D)
  A fire elemental (D)
  A fire bat (D)
  4 vampire mosquitoes (D)
  A water moccasin (D)
  A floating eye (D)
  A bullfrog (D)
  A scorpion (D)
  An orc priest (D)
  A hound (D)
  An iguana (D)
  An orc wizard (D)
  A gnoll (D)
  6 orcs (D)
  2 bats (D)
  An endoplasm (D)
  A goblin (D)
  3 kobolds (D)
  A rat (D)
32 creatures vanquished.

Notes
Turn   | Place    | Note
-------+----------+-------------------------------------------
     0 | D        | tygod the Gnoll Monk began the quest for the Orb.
     0 | D        | Reached XP level 1. HP: 23/23 MP: 1/1
    20 | D        | Found a bloodstained altar of Trog.
    20 | D        | Found a shimmering blue altar of Sif Muna.
    20 | D        | Found a viscous altar of Jiyva.
    20 | D        | Found a hazy altar of Hepliaklqana.
    20 | D        | Found an opulent altar of Gozag.
    47 | D        | Found a glowing golden altar of the Shining One.
    47 | D        | Found a glowing silver altar of Zin.
    47 | D        | Found a basalt altar of Yredelemnul.
    47 | D        | Found a shimmering altar of Xom.
    47 | D        | Found an ornate altar of the Wu Jian Council.
    47 | D        | Found a sacrificial altar of Ru.
    47 | D        | Found a stormy altar of Qazlal.
    47 | D        | Found an iron altar of Okawaru.
    47 | D        | Found a sparkling altar of Nemelex Xobeh.
    47 | D        | Found a burning altar of Makhleb.
    47 | D        | Found a blossoming altar of Fedhas.
    47 | D        | Found a white marble altar of Elyvilon.
    47 | D        | Found a shadowy altar of Dithmenos.
    47 | D        | Found a snail-covered altar of Cheibriados.
    50 | D        | Found a corrupted altar of Lugonu.
    50 | D        | Found a radiant altar of Vehumet.
    51 | D        | Found an ancient bone altar of Kikubaaqudgha.
    51 | D        | Found a hide-covered altar of Uskayaw.
    51 | D        | Found a broken altar of Ashenzari.
    55 | D        | Became a worshipper of Warmaster Okawaru
    55 | D        | Reached * piety under Okawaru
    55 | D        | Reached ** piety under Okawaru
    78 | D        | Reached skill level 1 in Invocations
    93 | D        | Reached skill level 1 in Short Blades
    93 | D        | Reached skill level 1 in Long Blades
    93 | D        | Reached skill level 1 in Maces & Flails
    93 | D        | Reached skill level 1 in Polearms
    93 | D        | Reached skill level 1 in Staves
    93 | D        | Reached skill level 1 in Slings
    93 | D        | Reached skill level 1 in Bows
    93 | D        | Reached skill level 1 in Crossbows
    93 | D        | Reached skill level 1 in Throwing
    93 | D        | Reached skill level 1 in Armour
    93 | D        | Reached skill level 1 in Shields
    93 | D        | Reached skill level 1 in Unarmed Combat
    93 | D        | Reached skill level 1 in Spellcasting
    93 | D        | Reached skill level 1 in Evocations
    96 | D        | Reached XP level 2. HP: 28/29 MP: 3/3
   103 | D        | Noticed a floating eye
   126 | D        | Killed a floating eye
   127 | D        | Reached skill level 5 in Stealth
   127 | D        | Reached XP level 3. HP: 36/36 MP: 3/7
   127 | D        | Reached XP level 4. HP: 43/43 MP: 3/8
   127 | D        | Noticed a bullfrog
   143 | D        | Killed a bullfrog
   143 | D        | Reached *** piety under Okawaru
   144 | D        | Reached XP level 5. HP: 45/48 MP: 2/10
   235 | D        | Noticed a fire bat
   259 | D        | Killed a fire bat
   260 | D        | Reached skill level 5 in Invocations
   260 | D        | Reached XP level 6. HP: 54/56 MP: 10/13
   268 | D        | Reached skill level 5 in Short Blades
   268 | D        | Reached skill level 5 in Long Blades
   268 | D        | Reached skill level 5 in Maces & Flails
   268 | D        | Reached skill level 5 in Polearms
   268 | D        | Reached skill level 5 in Staves
   268 | D        | Reached skill level 5 in Slings
   268 | D        | Reached skill level 5 in Bows
   268 | D        | Reached skill level 5 in Crossbows
   268 | D        | Reached skill level 5 in Throwing
   268 | D        | Reached skill level 5 in Armour
   268 | D        | Reached skill level 5 in Shields
   268 | D        | Reached skill level 5 in Unarmed Combat
   268 | D        | Reached skill level 5 in Spellcasting
   268 | D        | Reached skill level 5 in Evocations
   288 | D        | Reached XP level 7. HP: 33/63 MP: 14/14
   461 | D        | Noticed a redback
   473 | D        | Killed a redback
   473 | D        | Reached **** piety under Okawaru
   677 | D        | Noticed a vampire mosquito
   677 | D        | Noticed a vampire mosquito
   677 | D        | Noticed a vampire mosquito
   677 | D        | Noticed a vampire mosquito
   683 | D        | Killed a vampire mosquito
   697 | D        | Reached skill level 5 in Conjurations
   697 | D        | Reached skill level 5 in Hexes
   697 | D        | Reached skill level 5 in Summonings
   697 | D        | Reached skill level 5 in Necromancy
   697 | D        | Reached skill level 5 in Translocations
   697 | D        | Reached skill level 5 in Transmutations
   697 | D        | Reached skill level 5 in Fire Magic
   697 | D        | Reached skill level 5 in Ice Magic
   697 | D        | Reached skill level 5 in Air Magic
   697 | D        | Reached skill level 5 in Earth Magic
   697 | D        | Reached skill level 5 in Poison Magic
   697 | D        | Reached XP level 8. HP: 25/71 MP: 15/17
   721 | D        | Received a gift from Okawaru
  1057 | D        | Noticed a guardian mummy
  1065 | D        | Killed a guardian mummy
  1065 | D        | Reached ***** piety under Okawaru
  1071 | D        | HP: 1/71 [fire elemental (7)]
  1077 | D        | Reached XP level 9. HP: 19/78 MP: 19/19
  1350 | D        | Noticed a skeletal warrior
  1351 | D        | Noticed Sonja
  1351 | D        | Identified the +3 morningstar of Watchfulness {vorpal, Fly
                  | rCorr Str+4 Int+2 Stlth-}
  1351 | D        | Noticed a yaktaur
  1353 | D        | Received a gift from Okawaru
  1356 | D        | Noticed a skeletal warrior
  1359 | D        | Noticed an elephant
  1361 | D        | Noticed an apis
  1362 | D        | Noticed an ice devil
  1369 | D        | HP: 4/117 [poisoned by Sonja]
  1370 | D        | Succumbed to Sonja's poison

Illustrated notes

Levels and vault maps discovered:
D:        pitsprint [storerooms_1, entrance_room_1, metal_vault_1, armoury_1,
          mini_pit_1, grid_room_1, main_hall_1, silver_pit, the_coven_3,
          the_vestibule_1, steel_vault_3, golden_pit, hallway_of_sentries,
          crystal_vault_3, iron_vault_2, final_vault]

Skill      XL: |  1  2  3  4  5  6  7  8  9 |
---------------+----------------------------+-----
Invocations    | 1 3 4 5 6 7 |  7.9
Short Blades   | 1 3 4 5 6 7 |  7.2
Long Blades    | 1 3 4 5 6 7 |  7.2
Maces & Flails | 1 3 4 5 6 7 |  7.2
Polearms       | 1 3 4 5 6 7 |  7.2
Staves         | 1 3 4 5 6 7 |  7.2
Slings         | 1 3 4 5 6 7 |  7.2
Bows           | 1 3 4 5 6 7 |  7.2
Crossbows      | 1 3 4 5 6 7 |  7.2
Throwing       | 1 3 4 5 6 7 |  7.2
Armour         | 1 3 4 5 6 7 |  7.2
Shields        | 1 3 4 5 6 7 |  7.2
Unarmed Combat | 1 3 4 5 6 7 |  7.2
Spellcasting   | 1 3 4 5 6 7 |  7.2
Evocations     | 1 3 4 5 6 7 |  7.2
Fighting       | 7 8 9 |  9.8
Axes           | 7 8 9 |  9.8
Dodging        | 7 8 9 |  9.8
Stealth        | 5 6 7 8 |  8.4
Conjurations   | 2 3 4 5 6 |  6.0
Hexes          | 2 3 4 5 6 |  6.0
Summonings     | 2 3 4 5 6 |  6.0
Necromancy     | 2 3 4 5 6 |  6.0
Translocations | 2 3 4 5 6 |  6.0
Transmutations | 2 3 4 5 6 |  6.0
Fire Magic     | 2 3 4 5 6 |  6.0
Ice Magic      | 2 3 4 5 6 |  6.0
Air Magic      | 2 3 4 5 6 |  6.0
Earth Magic    | 2 3 4 5 6 |  6.0
Poison Magic   | 2 3 4 5 6 |  6.0

Action                   |  1- 3 |  4- 6 |  7- 9 || total
-------------------------+-------+-------+-------++-------
Melee: Hand axe          |    18 |    13 |     8 ||    39
       Bite              |     1 |     5 |     9 ||    15
       Mace              |       |    41 |    57 ||    98
       Punch             |       |     2 |     1 ||     3
       Dire flail        |       |       |    19 ||    19
Invok: Heroism           |       |     2 |     2 ||     4
       Finesse           |       |       |     1 ||     1
  Use: Potion            |       |     3 |    11 ||    14
Armor: Robe              |     4 |     2 |       ||     6
       Chain mail        |       |    59 |    69 ||   128
Dodge: Dodged            |    12 |    36 |    76 ||   124

Table legend: (Time is in decaauts)
 A = Elapsed time spent in this place.
 B = Non-inter-level travel time spent in this place.
 C = Inter-level travel time spent in this place.
 D = Time resting spent in this place.
 E = Time spent auto-exploring this place.
 F = Levels seen in this place.
 G = Mean time per level.
                   A        B        C        D        E       F      G
               +--------+--------+--------+--------+--------+-----+--------+
         Total |   1360 |   1349 |     11 |    753 |     19 |   1 | 1360.0 |
       Dungeon |   1360 |   1349 |     11 |    753 |     19 |   1 | 1360.0 |
               +--------+--------+--------+--------+--------+-----+--------+

Top non-repeatable levels by time:
       D: 1360 daAuts
